 Dungeon Crawl Stone Soup version 0.24.0-1-gfbc8707 (webtiles) character file.

Game seed: 5185544096139695111, levelgen mode: deterministic

23 TheGoonsmith the Shield-Bearer (level 3, 0/29 HPs)
             Began as a Formicid Fighter on Oct 27, 2019.
             Killed from afar by Sigmund (6 damage)
             ... with a puff of flame
             ... on level 2 of the Dungeon.
             The game lasted 00:01:40 (1242 turns).

TheGoonsmith the Shield-Bearer (Formicid Fighter)   Turns: 1242, Time: 00:01:40

Health: 0/29       AC:  6    Str: 21    XL:     3   Next: 10%
Magic:  3/3        EV:  8    Int:  7    God:
Gold:   141        SH:  0    Dex: 10    Spells: 2/2 levels left

rFire    . . .     SeeInvis +   a - +0 war axe
rCold    . . .     Gourm    .   c - +0 shield
rNeg     . . .     Faith    .   b - +0 scale mail
rPois    .         Spirit   .   (helmet unavailable)
rElec    .         Reflect  .   (no cloak)
rCorr    .         Harm     .   (no gloves)
MR       .....                  (no boots)
Stlth    ..........             (no amulet)
HPRegen  0.09/turn              (no ring)
MPRegen  0.08/turn              (no ring)

@: confused
A: permanent stasis, dig shafts and tunnels, four strong arms, antennae 3
a: Dig, Shaft Self


You were on level 2 of the Dungeon.
You were very hungry.

You visited 1 branch of the dungeon, and saw 2 of its levels.

You collected 141 gold pieces.

Inventory:

Hand Weapons
 a - a +0 war axe (weapon)
Armour
 b - a +0 scale mail (worn)
 c - a +0 shield (worn)
Jewellery
 h - an uncursed ring of wizardry {unknown}
Scrolls
 e - 3 scrolls of identify {unknown}
 i - a scroll of teleportation {unknown}
 k - a scroll of noise {unknown}
 l - a scroll of immolation {unknown}
 n - a scroll of amnesia {unknown}
Potions
 d - a potion of might
 g - a potion of flight {unknown}
 j - a potion of heal wounds {unknown}
 m - a potion of haste {unknown}
Comestibles
 f - 2 rations


   Skills:
 + Level 3.5 Fighting
 * Level 2.6 Axes
 + Level 3.5 Armour
 + Level 3.9 Shields


You had 2 spell levels left.
You didn't know any spells.
Your spell library was empty.

Dungeon Overview and Level Annotations

Branches:
Dungeon (2/15)

Altars:

Annotations:
D:2 Sigmund


Innate Abilities, Weirdness & Mutations

You cannot be hasted, slowed, berserked, paralysed or teleported.
You can dig through walls and to a lower floor.
Your four strong arms can wield two-handed weapons with a shield.
You have a pair of large antennae on your head. (SInv)


Message History

Found a stone staircase leading up.
You barely miss Sigmund. Sigmund barely misses you. You block Sigmund's attack.
The kobold hits you but does no damage.
Found a short sword.
You closely miss the kobold.
Sigmund's eyes start glowing with a red light.
Sigmund hits you from afar with a +6 scythe of protection!
You block the kobold's attack. The kobold hits you but does no damage.
Sigmund casts a spell at you.
You are confused.
The kobold hits you but does no damage. Sigmund gestures at you while chanting.
The magic dart hits you!
* * * LOW HITPOINT WARNING * * *
You hit the kobold.
You kill the kobold!
Sigmund gestures at you while chanting. The puff of flame hits you.
You die...

.# .#
#########)#
##...<.....#
......?....#
...........#
.......@...#
...........#
...........#
...........#
........@.?.#
....(..%....#
.
...#######†##
.. #.# #.#
... #.# #.# #


You could see Sigmund.

Vanquished Creatures
  A ball python (D:2)
  4 goblins
  3 hobgoblins
  4 kobolds
  3 bats
  4 frilled lizards
  3 rats
22 creatures vanquished.

Notes
Turn   | Place    | Note
-------+----------+-------------------------------------------
     0 | D:1      | TheGoonsmith the Formicid Fighter began the quest for the
                  | Orb.
     0 | D:1      | Reached XP level 1. HP: 18/18 MP: 1/1
   262 | D:1      | Reached XP level 2. HP: 22/24 MP: 2/2
  1216 | D:2      | Reached XP level 3. HP: 29/29 MP: 3/3
  1233 | D:2      | Noticed Sigmund
  1242 | D:2      | Killed from afar by Sigmund

Levels and vault maps discovered:
D:1:      lightli_arrival_noodles, layout_loops_ring, serial_forest,
          infiniplex_forest_straight_4, infiniplex_forest_clump_small,
          infiniplex_forest_clump_large, infiniplex_forest_end_2,
          infiniplex_forest_diagonal
D:2:      layout_loops_cross, first_ration, uniq_sigmund

Action                   || total
-------------------------++-------
Melee: War axe           ||    81
Armor: Scale mail        ||    43
Dodge: Dodged            ||    27
Block: Shield            ||    43
